Map: [ESL] Hard Lead

Players

Reynor

  • Race: Zerg Zerg
  • Spawn Location: 5:00

Harstem - Winner!

  • Race: Protoss Protoss
  • Spawn Location: 11:00

Event: ESL SC2 Masters 2023 Winter (Regional)

VOD

Have the link to the VOD?

Description

Time

  • Played on: Nov. 10, 2023, 8:47 a.m.
  • Length: 17:08

All games in this series

Show
View Real Time Build Order
Export as new Build Order

Reynor Zerg 

Build Orders: Hatch First, Lurkers 

Get SALT Encoding   

  12  0:00  Drone  
  13  0:12  Overlord  
  13  0:16  Drone  
  14  0:30  Drone x2  
  16  0:45  Drone x2  
  18  0:54  Hatchery  
  17  0:58  Drone  
  17  1:01  Extractor  
  17  1:12  Spawning Pool  
  17  1:15  Drone  
  17  1:18  Drone  
  18  1:27  Drone  
  19  1:38  Drone  
  20  1:49  Overlord  
  20  2:00  Queen  
  22  2:05  Zergling x2  
  22  2:06  Drone, Queen  
  26  2:11  Zergling x2  
  26  2:12  Metabolic Boost  
  27  2:16  Drone  
  27  2:22  Drone  
  29  2:29  Drone  
  30  2:36  Drone  
  31  2:42  Hatchery  
  31  2:44  Queen  
  30  2:46  Zergling x2  
  33  2:53  Overlord  
  33  2:55  Drone  
  33  2:58  Zergling x2  
  34  3:01  Zergling x2  
  34  3:03  Drone  
  36  3:11  Overlord  
  36  3:13  Drone x3  
  36  3:14  Drone  
  40  3:21  Queen  
  40  3:23  Drone  
  40  3:26  Zergling x2  
  44  3:33  Drone  
  45  3:35  Drone  
  45  3:38  Roach Warren  
  45  3:40  Drone  
  45  3:41  Drone  
  47  3:44  Overlord  
  47  3:45  Drone  
  47  3:48  Drone  
  49  3:54  Drone x3  
  49  3:55  Drone  
  53  3:58  Extractor, Drone  
  53  4:00  Drone  
  53  4:05  Overlord  
  53  4:09  Drone x2  
  54  4:19  Roach x2  
  54  4:20  Roach  
  54  4:21  Roach x2  
  66  4:24  Roach  
  66  4:25  Roach  
  66  4:26  Zergling x2  
  66  4:27  Zergling x2  
  66  4:28  Drone  
  71  4:33  Zergling x2, Roach  
  71  4:38  Overlord  
  74  4:46  Overlord  
  73  4:52  Roach x2  
  73  4:57  Drone x4, Queen  
  73  5:06  Zergling x4, Roach x2  
  73  5:13  Roach  
  73  5:14  Zergling x2  
  72  5:25  Drone x2  
  72  5:27  Drone  
  74  5:30  Drone  
  74  5:32  Overlord  
  74  5:34  Drone  
  75  5:38  Drone x2  
  73  5:44  Drone x3  
  73  5:45  Drone  
  73  5:47  Drone  
  73  5:49  Drone  
  79  5:50  Drone  
  83  5:57  Zergling x2, Roach x2  
  84  6:05  Drone x3  
  84  6:08  Roach x3  
  92  6:12  Extractor  
  92  6:13  Overlord  
  92  6:16  Roach x2  
  92  6:17  Ravager  
  96  6:23  Roach  
  98  6:26  Overlord  
  98  6:31  Extractor, Overlord  
  98  6:32  Drone x3  
  100  6:36  Overlord  
  100  6:38  Drone  
  95  6:43  Drone x2  
  95  6:44  Lair  
  95  6:45  Drone x2  
  95  6:46  Drone  
  96  6:50  Queen  
  96  6:51  Drone  
  96  6:53  Drone  
  98  6:56  Drone, Spore Crawler  
  98  6:58  Ravager  
  99  7:02  Drone x2  
  99  7:05  Queen, Evolution Chamber  
  102  7:09  Overlord  
  102  7:12  Drone x2  
  105  7:15  Drone x2  
  105  7:16  Overlord  
  105  7:22  Drone  
  103  7:24  Drone  
  103  7:26  Drone  
  102  7:31  Roach  
  104  7:37  Roach x2  
  104  7:39  Drone  
  104  7:43  Zerg Missile Weapons Level 1  
  109  7:44  Glial Reconstitution  
  109  7:46  Drone  
  109  7:47  Drone  
  109  7:48  Extractor x2  
  109  7:49  Drone  
  110  7:51  Ravager x3  
  110  7:52  Hatchery  
  110  7:55  Drone x3  
  110  7:57  Roach  
  117  8:00  Roach  
  117  8:01  Ravager x2  
  117  8:04  Overlord  
  121  8:06  Overseer  
  121  8:08  Zergling x2  
  121  8:10  Zergling x8  
  126  8:13  Roach  
  126  8:15  Drone  
  126  8:16  Drone x2  
  126  8:19  Drone, Infestation Pit  
  131  8:25  Overlord  
  131  8:28  Roach x4  
  131  8:29  Drone  
  131  8:31  Drone  
  141  8:38  Overlord  
  140  8:42  Roach x5  
  150  8:51  Roach x3  
  150  8:52  Roach  
  150  8:53  Burrow  
  150  8:54  Drone x3  
  161  9:01  Zergling x4, Hive  
  161  9:02  Tunneling Claws  
  163  9:04  Zergling x4  
  163  9:05  Zergling x2, Hydralisk Den  
  163  9:06  Zergling x2  
  163  9:08  Zergling x4  
  168  9:11  Zergling x2  
  168  9:13  Queen  
  168  9:14  Drone, Extractor  
  168  9:15  Extractor  
  170  9:18  Overlord  
  170  9:21  Zergling x2, Roach x2  
  170  9:23  Overlord  
  175  9:31  Zergling x2  
  168  9:32  Overlord  
  166  9:38  Drone x4  
  166  9:39  Drone x2  
  166  9:45  Drone, Zerg Missile Weapons Level 2  
  168  9:46  Zergling x6  
  168  9:47  Zergling x4, Lurker Den  
  168  9:50  Zergling x10  
  176  9:55  Drone  
  176  9:57  Drone  
  169  10:01  Drone x2  
  170  10:09  Ravager  
  170  10:10  Drone x2  
  170  10:13  Viper x2  
  179  10:15  Viper  
  179  10:19  Drone x4  
  179  10:20  Drone x2  
  188  10:21  Roach  
  188  10:22  Roach x4  
  188  10:23  Ravager  
  188  10:24  Ravager  
  188  10:25  Roach  
  192  10:29  Roach x6  
  192  10:30  Overseer, Overlord x2  
  192  10:31  Roach  
  192  10:32  Roach x2  
  192  10:33  Overlord, Hatchery  
  187  10:45  Seismic Spines  
  187  10:48  Roach x3  
  187  10:55  Hydralisk x6  
  180  11:14  Hydralisk x3  
  180  11:15  Hydralisk  
  180  11:23  Zergling x18  
  180  11:25  Drone  
  188  11:28  Overlord  
  182  11:32  Roach  
  176  11:41  Lurker x5  
  176  11:42  Lurker x5  
  178  11:49  Drone x8  
  178  11:50  Adrenal Glands  
  178  11:53  Hydralisk  
  178  11:54  Zergling x6, Hydralisk  
  188  12:22  Zergling x32  
  192  12:27  Hydralisk  
  192  12:29  Queen  
  186  12:31  Drone  
  168  12:40  Roach x7  
  168  12:43  Roach x2  
  169  12:48  Queen  
  169  12:49  Roach x2  
  169  12:50  Roach x4  
  175  12:54  Roach  
  175  12:55  Adaptive Talons  
  169  13:02  Hydralisk x3  
  169  13:03  Zergling x2  
  169  13:09  Zergling x2  
  169  13:10  Zergling x10  
  169  13:12  Hydralisk  
  164  13:16  Hydralisk x3  
  164  13:19  Hydralisk x2  
  145  13:20  Zergling x2  
  145  13:22  Queen  
  145  13:24  Hydralisk  
  144  13:31  Hydralisk x2  
  144  13:32  Hydralisk  
  144  13:34  Hydralisk  
  142  13:37  Roach  
  133  13:41  Viper  
  133  13:42  Viper  
  133  13:43  Drone x4  
  133  13:44  Hydralisk  
  133  13:48  Hydralisk  
  133  13:49  Lurker  
  133  13:50  Queen  
  133  13:51  Zergling x2  
  133  13:55  Zergling x4  
  139  13:57  Zergling x2  
  139  14:02  Lurker  
  141  14:07  Zergling x4  
  141  14:12  Zergling x4  
  143  14:20  Drone x2  
  137  14:33  Zergling x18  
  141  14:44  Zergling x14  
  140  14:49  Lurker x3  
  136  15:05  Zergling x20  
  135  15:07  Lurker x2  
  135  15:17  Lurker  
  122  15:29  Zergling x6  
  122  15:30  Zergling x16  
  125  15:36  Lurker x2  
  124  15:45  Zergling x6, Hydralisk  
  124  15:47  Queen  
  126  15:50  Zergling x6  
  126  15:54  Zergling x4  
  126  15:56  Lurker  
  129  16:01  Lurker  
  129  16:03  Zergling x6  
  130  16:18  Hydralisk  
  130  16:19  Zergling x10  
  130  16:23  Lurker x2  
  130  16:24  Hydralisk  
  141  16:31  Hydralisk x2  
  145  16:38  Hydralisk  
  145  16:39  Zergling x2  
  142  16:48  Zergling x4  
Show
View Real Time Build Order
Export as new Build Order

Harstem Protoss - Winner!

Build Orders: 1 Gate Expand, Mass Adepts 

Get SALT Encoding   

  12  0:00  Probe  
  13  0:12  Probe  
  14  0:19  Pylon  
  14  0:24  Probe  
  15  0:37  Probe (Chrono Boost)  
  15  0:40  Gateway  
  16  0:46  Probe (Chrono Boost)  
  17  0:51  Probe  
  18  1:01  Assimilator  
  18  1:03  Probe  
  19  1:15  Probe  
  20  1:27  Nexus  
  20  1:37  Cybernetics Core  
  20  1:39  Probe  
  21  1:45  Assimilator  
  21  1:51  Probe  
  22  1:55  Pylon  
  22  2:03  Probe  
  23  2:10  Adept (Chrono Boost)  
  23  2:13  Warp Gate  
  26  2:15  Probe (Chrono Boost)  
  26  2:27  Probe (Chrono Boost)  
  27  2:33  Stalker  
  27  2:34  Probe (Chrono Boost)  
  30  2:39  Twilight Council  
  30  2:40  Probe  
  30  2:42  Probe  
  32  2:53  Probe  
  32  2:54  Probe  
  34  3:03  Gateway  
  34  3:05  Gateway  
  34  3:06  Gateway  
  34  3:07  Probe  
  34  3:08  Probe  
  36  3:14  Adept  
  36  3:19  Probe  
  39  3:20  Probe  
  39  3:24  Pylon  
  39  3:26  Resonating Glaives (Chrono Boost)  
  40  3:31  Probe  
  40  3:34  Probe  
  42  3:43  Probe  
  44  4:00  Nexus  
  44  4:01  Adept x2, Pylon  
  44  4:02  Adept x2  
  51  4:10  Pylon  
  51  4:15  Nexus  
  51  4:22  Adept x3  
  51  4:23  Adept  
  59  4:24  Probe  
  59  4:25  Probe  
  59  4:28  Assimilator  
  61  4:33  Pylon  
  61  4:37  Probe x2  
  63  4:43  Adept x3  
  69  4:50  Probe  
  71  4:52  Probe  
  71  4:56  Adept  
  71  5:05  Probe (Chrono Boost)  
  69  5:07  Assimilator, Probe (Chrono Boost)  
  69  5:09  Pylon  
  68  5:14  Probe (Chrono Boost)  
  68  5:17  Probe (Chrono Boost)  
  68  5:18  Adept x4  
  68  5:19  Probe (Chrono Boost)  
  68  5:20  Pylon  
  76  5:26  Probe  
  75  5:28  Probe  
  76  5:35  Robotics Facility  
  76  5:37  Probe  
  76  5:39  Adept, Probe  
  76  5:40  Adept x2  
  76  5:41  Probe  
  81  5:48  Adept  
  81  5:50  Gateway  
  81  5:51  Shield Battery  
  82  6:00  Adept x3  
  82  6:01  Probe (Chrono Boost)  
  82  6:02  Probe (Chrono Boost)  
  89  6:05  Probe (Chrono Boost)  
  92  6:12  Probe (Chrono Boost)  
  92  6:13  Probe (Chrono Boost)  
  92  6:14  Probe (Chrono Boost)  
  92  6:15  Sentry  
  92  6:17  Pylon  
  95  6:19  Probe (Chrono Boost)  
  95  6:21  Sentry, Forge  
  95  6:25  Robotics Bay  
  98  6:29  Probe  
  98  6:30  Probe  
  100  6:38  Probe  
  99  6:41  Immortal (Chrono Boost)  
  99  6:43  Probe  
  99  6:44  Sentry, Stalker  
  99  6:45  Protoss Ground Weapons Level 1 (Chrono Boost), Stalker  
  106  6:47  Shield Battery  
  106  6:49  Assimilator, Probe  
  106  6:52  Probe  
  106  6:53  Assimilator  
  106  6:54  Stalker  
  104  7:01  Gateway, Probe  
  105  7:02  Gateway  
  105  7:08  Stalker x2  
  109  7:13  Shield Battery  
  109  7:15  Immortal (Chrono Boost)  
  109  7:18  Shield Battery  
  109  7:24  Probe x2  
  107  7:30  Phoenix, Probe  
  107  7:32  Robotics Facility  
  106  7:39  Blink (Chrono Boost)  
  106  7:47  Stalker x2  
  106  7:50  Nexus  
  110  7:52  Pylon, Colossus  
  116  8:00  Gateway  
  116  8:01  Gateway, Pylon  
  116  8:03  Pylon  
  116  8:07  Extended Thermal Lance  
  116  8:10  Pylon  
  116  8:13  Probe x2  
  118  8:20  Stalker x3  
  118  8:23  Colossus (Chrono Boost)  
  130  8:28  Probe x2  
  130  8:31  Photon Cannon, Shield Battery, Probe  
  133  8:37  Stalker x2  
  135  8:41  Protoss Ground Weapons Level 2 (Chrono Boost)  
  135  8:44  Probe  
  138  8:54  Warp Prism (Chrono Boost)  
  138  8:56  Assimilator  
  138  8:58  Assimilator  
  138  8:59  Probe  
  138  9:00  Stalker x2  
  143  9:06  Stalker x2  
  147  9:11  Observer (Chrono Boost)  
  147  9:12  Stalker x2  
  147  9:13  Probe  
  147  9:16  Pylon  
  153  9:17  Charge (Chrono Boost)  
  153  9:36  Stalker x7  
  159  9:44  Immortal (Chrono Boost)  
  157  9:47  Immortal (Chrono Boost)  
  161  10:00  Probe  
  161  10:01  Probe  
  161  10:03  Probe x2  
  163  10:07  Templar Archives  
  163  10:10  Stalker x4  
  171  10:16  Pylon x2  
  171  10:19  Pylon  
  171  10:31  Immortal (Chrono Boost)  
  179  10:39  Photon Cannon  
  179  10:41  Photon Cannon, Immortal (Chrono Boost)  
  179  10:42  Photon Cannon  
  177  10:43  Stalker x3  
  177  10:44  Stalker  
  177  10:46  Protoss Ground Weapons Level 3 (Chrono Boost)  
  179  10:50  Probe  
  179  10:54  Stalker x2  
  177  11:03  Probe  
  175  11:05  Stalker x3  
  180  11:17  Observer (Chrono Boost)  
  179  11:19  Zealot x5  
  179  11:20  Observer (Chrono Boost)  
  179  11:21  Probe x2  
  190  11:28  Probe  
  190  11:29  Probe  
  190  11:31  Psionic Storm, Pylon  
  192  11:33  Stalker x2  
  195  11:43  Stalker  
  195  11:47  Photon Cannon  
  195  11:53  Probe  
  196  11:54  Stalker x2  
  196  11:57  Photon Cannon  
  198  12:03  Probe  
  195  12:28  Zealot x2  
  195  12:29  Zealot x2  
  191  12:31  Immortal x2  
  195  12:43  Zealot x4  
  191  12:47  Probe  
  191  12:48  Probe  
  191  12:50  Photon Cannon  
  189  12:52  Probe  
  189  12:57  Zealot x4  
  190  13:10  Observer (Chrono Boost)  
  179  13:17  Immortal (Chrono Boost)  
  153  13:22  Zealot x8  
  165  13:29  Immortal (Chrono Boost)  
  163  13:49  High Templar x4  
  163  13:50  High Templar x4  
  163  13:54  Archon x2  
  179  13:56  Immortal (Chrono Boost)  
  179  13:58  Immortal (Chrono Boost)  
  179  13:59  Photon Cannon  
  179  14:01  Pylon  
  177  14:17  Zealot  
  177  14:18  Nexus  
  177  14:19  Pylon  
  179  14:28  Immortal  
  179  14:30  Observer  
  176  14:53  Zealot  
  176  14:55  Observer, Zealot x3  
  174  15:09  Zealot x4  
  174  15:12  Photon Cannon  
  174  15:14  Photon Cannon  
  174  15:19  High Templar x3  
  174  15:20  Immortal  
  174  15:23  Zealot  
  174  15:25  Photon Cannon  
  176  15:35  Probe  
  176  15:36  Probe  
  176  15:40  Stargate  
  176  15:41  Assimilator  
  175  15:45  Assimilator  
  175  15:47  Zealot x5  
  177  15:55  Zealot x3  
  183  16:08  Zealot x5  
  193  16:15  Observer  
  189  16:20  High Templar x2, Zealot  
  189  16:25  Archon  
  199  16:31  Fleet Beacon  
  199  16:34  Stargate  
  199  16:35  Photon Cannon  
  199  16:39  Stargate  
  197  16:49  Zealot  
  197  16:50  Zealot x3  
  197  16:55  Zealot  
  197  16:57  Zealot  
  195  17:05  Zealot x2  
Tags
 
Add a new tag
Caveats
  • Supply blocks, unpowered buildings, or Contaminate may cause inaccurate times.
  • Supply counts are checked every 10 seconds.